 Dungeon Sprint DCSS version 0.29-a0-468-ge57f7f99b4 (webtiles) character file.

Game seed: 984162072105463091

147 mhtbhm the Skirmisher (level 5, -2/52 HPs)
             Began as a Hill Orc Fighter on May 21, 2022.
             Was an Initiate of Trog.
             Killed from afar by an oklob sapling wizard (20 damage)
             ... with a splash of acid
             ... in the Dungeon (Sprint IV: "Fedhas' Mad Dash").
             The game lasted 00:00:54 (1115 turns).

mhtbhm the Skirmisher (Hill Orc Fighter)            Turns: 1115, Time: 00:00:54

Health: -2/52      AC:  0    Str: 21    XL:     5   Next: 29%
Magic:  3/5        EV:  9    Int:  8    God:    Trog [......]
Gold:   53         SH:  5    Dex: 10    Spells: 4/4 levels left

rFire   . . .      SeeInvis .   a - +0 war axe
rCold   . . .      Faith    .   c - +0 buckler
rNeg    . . .      Spirit   .   b - +0 scale mail
rPois   .          Reflect  .   (no helmet)
rElec   .          Harm     .   (no cloak)
rCorr   .          Rampage  .   (no gloves)
Will    .....      NoTele   +   (no boots)
Stlth   ..........              i - amulet of invisibility {+Inv}
HPRegen 0.17/turn               (no ring)
MPRegen 0.09/turn               (no ring)

@: corroded, very slightly contaminated, invisible
A: no striking features
a: Renounce Religion, Evoke Invisibility


You were in the Dungeon.
You worshipped Trog.
Trog was noncommittal.
You visited 1 branch You collected 53 gold pieces.

Inventory:

Hand Weapons
 a - a +0 war axe (weapon)
Missiles
 k - 5 curare-tipped darts (quivered)
Armour
 b - a +0 scale mail (worn)
 c - a +0 buckler (worn)
Jewellery
 i - the amulet of invisibility (around neck) {+Inv}
   (You found it in the Dungeon)

   [amulet of nothing]

   +Inv:      It lets you turn invisible.
Scrolls
 j - a scroll of blinking
Potions
 d - a potion of might
 e - a potion of degeneration {unknown}
 g - a potion of haste
 h - 2 potions of magic


   Skills:
 + Level 7.2 Fighting
 + Level 6.1 Axes
 + Level 6.8 Armour
 + Level 0.7 Dodging
 + Level 0.3 Stealth
 + Level 6.4 Shields
 + Level 0.4 Evocations


You had 4 spell levels left.
You didn't know any spells.
Your spell library was empty.

Dungeon Overview and Level Annotations

Branches:
Dungeon (1/1)

Altars:
Cheibriados
Dithmenos
Elyvilon
Gozag
Hepliaklqana
Kikubaaqudgha
Makhleb
Nemelex Xobeh
Okawaru
Qazlal
Ru
Sif Muna
Trog
Uskayaw
Vehumet
Wu Jian
Xom
Yredelemnul
Zin
The Shining One
Beogh
Jiyva
Lugonu

Annotations:
D exclusion: oklob sapling


Message History

There is a hazy altar of Hepliaklqana here.
There is a shimmering blue altar of Sif Muna here.
There is a bloodstained altar of Trog here.
You kneel at the altar of Trog.
Trog welcomes you!
There is a hide-covered altar of Uskayaw here.
There is a stormy altar of Qazlal here.
There is a corrupted altar of Lugonu here.
You fail to use your ability.
You fail to use your ability.
You fail to use your ability.
You fail to use your ability.
You fade into invisibility!
You are very lightly contaminated with residual magic.
Okay, then.
You open the door.
An oklob sapling wizard comes into view.
Marking area around an oklob sapling wizard as unsafe for travelling.
Found 7 gold pieces and a mace.
There is an open door here.
You hit the oklob sapling wizard.
The oklob sapling wizard is moderately damaged.
The oklob sapling wizard spits acid at you.
The splash of acid hits you! The acid corrodes you!
You hit the oklob sapling wizard but do no damage.
The oklob sapling wizard is moderately damaged.
The oklob sapling wizard spits acid at you.
The splash of acid misses you.
You catch the helpless oklob sapling wizard completely off-guard!
You hit the oklob sapling wizard but do no damage.
The oklob sapling wizard is moderately damaged.
The oklob sapling wizard spits acid at you.
The splash of acid hits you!!
Ouch! That really hurt!
The acid corrodes you!
You hit the oklob sapling wizard.
The oklob sapling wizard is heavily damaged.
The oklob sapling wizard spits acid at you.
The splash of acid hits you!!
You die...

###################
.#.⌠._._._._.⌠.#.$+
.'.._._._._._..'@P#
.#..._._._._...#..#
##.._._._._._..#.)#
#._._._._._.⌠.####
###############


You could see an oklob sapling wizard (can't see you).

Vanquished Creatures
  A scorpion (D)
  2 oklob saplings (D)
  A river rat (D)
  A rat (D)
5 creatures vanquished.

Notes
Turn   | Place    | Note
-------+----------+-------------------------------------------
     0 | D        | mhtbhm the Hill Orc Fighter began the quest for the Orb.
     0 | D        | Reached XP level 1. HP: 19/19 MP: 1/1
    14 | D        | Reached skill level 4 in Fighting
    14 | D        | Reached XP level 2. HP: 23/28 MP: 2/2
   120 | D        | Noticed an oklob sapling
   125 | D        | Killed an oklob sapling
   126 | D        | Reached skill level 5 in Fighting
   126 | D        | Reached skill level 5 in Armour
   126 | D        | Reached XP level 3. HP: 36/36 MP: 3/3
   127 | D        | Noticed a scorpion
   127 | D        | Found the amulet of invisibility {+Inv}
   138 | D        | Killed a scorpion
   139 | D        | Reached skill level 6 in Fighting
   139 | D        | Reached skill level 5 in Shields
   139 | D        | Reached XP level 4. HP: 19/45 MP: 4/4
   518 | D        | Found an opulent altar of Gozag.
   518 | D        | Found a hazy altar of Hepliaklqana.
   518 | D        | Found a burning altar of Makhleb.
   518 | D        | Found a roughly hewn altar of Beogh.
   518 | D        | Found a sparkling altar of Nemelex Xobeh.
   518 | D        | Found a snail-covered altar of Cheibriados.
   518 | D        | Found a sacrificial altar of Ru.
   518 | D        | Found a shimmering blue altar of Sif Muna.
   518 | D        | Found a shimmering altar of Xom.
   518 | D        | Found a basalt altar of Yredelemnul.
   519 | D        | Found a viscous altar of Jiyva.
   519 | D        | Found a bloodstained altar of Trog.
   519 | D        | Found an ornate altar of the Wu Jian Council.
   519 | D        | Noticed an oklob sapling priest
   520 | D        | Found an iron altar of Okawaru.
   520 | D        | Found a shadowy altar of Dithmenos.
   520 | D        | Found a glowing silver altar of Zin.
   521 | D        | Found an ancient bone altar of Kikubaaqudgha.
   521 | D        | Found a hide-covered altar of Uskayaw.
   522 | D        | Found a stormy altar of Qazlal.
   522 | D        | Found a white marble altar of Elyvilon.
   522 | D        | Found a glowing golden altar of the Shining One.
   523 | D        | Found a corrupted altar of Lugonu.
   523 | D        | Found a radiant altar of Vehumet.
   538 | D        | Killed an oklob sapling priest
   539 | D        | Reached skill level 7 in Fighting
   539 | D        | Reached XP level 5. HP: 10/52 MP: 5/5
  1095 | D        | Became a worshipper of Trog the Wrathful
  1115 | D        | Killed from afar by an oklob sapling wizard

Illustrated notes

Levels and vault maps discovered:
D:        dungeon_sprint_fedhas [sprint_temple]

Skill      XL: |  1  2  3  4 |
---------------+-------------+-----
Fighting       | 4 5 6 7 |  7.2
Axes           | 3 4 6 |  6.1
Armour         | 4 5 6 |  6.8
Shields        | 4 5 6 |  6.4
Dodging        | |  0.7
Stealth        | |  0.3
Evocations     | |  0.4

Action                   |  1- 3 |  4- 6 || total
-------------------------+-------+-------++-------
Melee: War axe           |    18 |    16 ||    34
Throw: Dart              |     1 |       ||     1
 Abil: Evoke Invisibilit |       |     2 ||     2
  Use: Potion            |     2 |     1 ||     3
 Stab: Invisible         |       |     2 ||     2
Armor: Scale mail        |     9 |       ||     9
Dodge: Dodged            |     6 |     1 ||     7
Block: Buckler           |     5 |       ||     5

Table legend: (Time is in decaauts)
 A = Elapsed time spent in this place.
 B = Non-inter-level travel time spent in this place.
 C = Inter-level travel time spent in this place.
 D = Time resting spent in this place.
 E = Time spent auto-exploring this place.
 F = Levels seen in this place.
 G = Mean time per level.
                   A        B        C        D        E       F      G
               +--------+--------+--------+--------+--------+-----+--------+
         Total |   1133 |   1133 |      0 |    993 |      3 |   1 | 1133.0 |
       Dungeon |   1133 |   1133 |      0 |    993 |      3 |   1 | 1133.0 |
               +--------+--------+--------+--------+--------+-----+--------+

Top non-repeatable levels by time:
       D: 1133 daAuts
